 Dungeon Crawl Stone Soup version 0.21.1-1-g345015f (webtiles) character file.

396 diana the Insei (level 6, 0/46 HPs)
             Began as a Merfolk Transmuter on June 1, 2018.
             Was a Follower of Uskayaw.
             Succumbed to a worker ant's poison
             ... on level 4 of the Dungeon.
             The game lasted 00:14:19 (5522 turns).

diana the Insei (Merfolk Transmuter)                Turns: 5522, Time: 00:14:19

Health: 0/46       AC:  1    Str: 10 (12) XL:     6   Next: 83%
Magic:  8/9        EV: 14    Int: 11 (13) God:    Uskayaw [*.....]
Gold:   224        SH:  2    Dex: 13 (14) Spells: 8/9 levels left

rFire    . . .     SeeInvis .     - Unarmed
rCold    + . .     Gourm    .   (no shield)
rNeg     . . .     Faith    .   b - +0 robe
rPois    .         Spirit   .   (no helmet)
rElec    .         Reflect  +   (no cloak)
rCorr    .         Harm     .   (no gloves)
MR       .....     Rnd*Tele +   (no boots)
Stlth    +.........             n - +2 amulet of reflection
HPRegen  0.15/turn              p - ring of teleportation (curse)
MPRegen  0.11/turn              (no ring)

@: lethally poisoned (0 -> -5), appendage
A: change form in water, swift swim, stealthy swim, horns 2, blurry vision 1,
cold resistance 1, deformed body, deterioration 1
a: End Transformation, Stomp, Renounce Religion


You were on level 4 of the Dungeon.
You worshipped Uskayaw.
Uskayaw was noncommittal.
You were near starving.
You had grown temporary horns.
You visited 2 branches of the dungeon, and saw 6 of its levels.

You collected 224 gold pieces.

Inventory:

Missiles
 a - 54 arrows
Armour
 b - a +0 robe (worn)
Jewellery
 n - a +2 amulet of reflection (around neck)
 p - a cursed ring of teleportation (left hand)
Scrolls
 e - 2 scrolls of remove curse {unknown}
 f - 5 scrolls of identify {unknown}
 g - 2 scrolls of fear {unknown}
 i - 2 scrolls of fog {unknown}
 q - a scroll of random uselessness {unknown}
 s - a scroll of magic mapping {unknown}
 u - a scroll of amnesia {unknown}
Potions
 m - a potion of flight {unknown}
 o - a potion of resistance {unknown}
 r - 2 potions of lignification {unknown}
 t - a potion of haste {unknown}
 v - a potion of might {unknown}
Books
 c - a book of Changes

   Spells                             Type                      Level
   a - Beastly Appendage              Transmutation                1
   b - Sticks to Snakes               Transmutation                2
   c - Spider Form                    Transmutation/Poison         3
   d - Ice Form                       Ice/Transmutation            4
   e - Blade Hands                    Transmutation                5
 k - a book of Callings

   Spells                             Type                      Level
   a - Summon Small Mammal            Summoning                    1
   b - Call Imp                       Summoning                    2
   c - Call Canine Familiar           Summoning                    3
   d - Summon Guardian Golem          Hexes/Summoning              3
   e - Summon Lightning Spire         Summoning/Air                4
   f - Summon Ice Beast               Ice/Summoning                4
Comestibles
 d - 4 rations


   Skills:
 - Level 2.5 Fighting
 + Level 4.8 Dodging
 * Level 5.9 Unarmed Combat
 - Level 2.0 Spellcasting
 + Level 4.9 Transmutations
 + Level 0.1 Invocations


You had 8 spell levels left.
You knew the following spells:

 Your Spells              Type           Power        Failure   Level  Hunger
a - Beastly Appendage     Tmut           ##....       3%          1    ##.....


Dungeon Overview and Level Annotations

Branches:
Dungeon (5/15)             Temple (1/1) D:4

Altars:
Cheibriados
Dithmenos
Elyvilon
Fedhas
Gozag
Hepliaklqana
Kikubaaqudgha
Makhleb
Okawaru
Qazlal
Uskayaw
Vehumet
Wu Jian
Xom
Zin
The Shining One


Innate Abilities, Weirdness & Mutations

You revert to your normal form in water.
You are very nimble and swift while swimming.
You are very stealthy in the water. (Stealth+)
You have a pair of horns on your head.
Scrolls take you a little longer to read.
Your flesh is cold resistant. (rC+)
Armour fits poorly on your strangely shaped body.
Your body sometimes deteriorates upon taking damage.


Message History

An ogre comes into view. It is wielding a giant club.
The ogre shouts!
Found 9 gold pieces.
A worker ant comes into view.
The worker ant twitches its antennae in your direction.
Casting: Beastly Appendage
Confirm with . or Enter, or press ? or * to list all spells.
You grow a pair of large bovine horns.
The worker ant bites you.
* * * LOW HITPOINT WARNING * * *
Your body deteriorates!
You feel dopey.
You are poisoned.
The worker ant poisons you!
You hit the worker ant.
The worker ant is moderately wounded.
You feel sick. The worker ant bites you!
* * * LOW HITPOINT WARNING * * *
Your body deteriorates!
You feel weakened.
You can now stomp with the beat.
You hit the worker ant. Your headbutt misses the worker ant.
The worker ant is moderately wounded.
You die...

#######
.......
.......
.......######
.......O....#
.......####@#
....... #a#
......$ #.#
####### #.#
..# ... ...
....


You could see an ogre and a worker ant.

Vanquished Creatures
  2 phantoms (D:4)
  A howler monkey (D:4)
  An orc wizard (D:4)
  A worker ant (D:3)
  5 adders
  An adder skeleton (D:4)
  2 worms
  3 dart slugs
  A leopard gecko (D:5)
  3 orcs
  3 ball pythons (D:3)
  2 bats
  11 giant cockroaches
  8 goblins
  4 hobgoblins
  8 jackals
  13 kobolds
  2 quokkas
  5 frilled lizards
  3 rats
79 creatures vanquished.

Notes
Turn   | Place    | Note
-------+----------+-------------------------------------------
     0 | D:1      | diana the Merfolk Transmuter began the quest for the Orb.
     0 | D:1      | Reached XP level 1. HP: 15/15 MP: 3/3
   305 | D:1      | Reached XP level 2. HP: 21/21 MP: 3/5
   727 | D:1      | Reached XP level 3. HP: 26/26 MP: 4/6
  1136 | D:2      | Reached skill level 4 in Unarmed Combat
  1815 | D:2      | Found an iron altar of Okawaru.
  1815 | D:2      | Found a stormy altar of Qazlal.
  1981 | D:3      | Reached XP level 4. HP: 27/33 MP: 5/7
  2522 | D:3      | Found a shadowy altar of Dithmenos.
  2887 | D:4      | Reached XP level 5. HP: 34/39 MP: 6/8
  2940 | D:4      | Noticed a phantom
  3330 | D:4      | Reached skill level 5 in Unarmed Combat
  3373 | D:4      | Killed a phantom
  3373 | D:4      | Reached XP level 6. HP: 15/46 MP: 7/9
  3398 | D:4      | Noticed a black bear
  3628 | D:4      | Found a staircase to the Ecumenical Temple.
  3635 | Temple   | Entered the Ecumenical Temple
  3835 | Temple   | Became a worshipper of Uskayaw the Reveler
  3915 | D:4      | Noticed a phantom
  3921 | D:4      | Reached * piety under Uskayaw
  3960 | D:3      | HP: 2/46 [worker ant (2)]
  4004 | D:3      | Reached ** piety under Uskayaw
  4377 | D:4      | Killed a phantom
  4651 | D:4      | Gained mutation: Your mind is acute. (Int +2) [potion of mutation]
  4651 | D:4      | Gained mutation: Your flesh is cold resistant. (rC+) [potion of mutation]
  4651 | D:4      | Gained mutation: Armour fits poorly on your strangely shaped body. [potion of mutation]
  4651 | D:4      | Gained mutation: You have a pair of small horns on your head. [potion of mutation]
  5110 | D:5      | Entered Level 5 of the Dungeon
  5195 | D:5      | Noticed a phantom
  5278 | D:5      | Lost mutation: Your flesh is cold resistant. (rC+) [potion of mutation]
  5278 | D:5      | Lost mutation: You have a pair of small horns on your head. [potion of mutation]
  5278 | D:5      | Lost mutation: Your mind is acute. (Int +2) [potion of mutation]
  5278 | D:5      | Gained mutation: Scrolls take you a little longer to read. [potion of mutation]
  5278 | D:5      | Gained mutation: Your body sometimes deteriorates upon taking damage. [potion of mutation]
  5278 | D:5      | Gained mutation: Your flesh is cold resistant. (rC+) [potion of mutation]
  5521 | D:4      | HP: 1/46 [worker ant (7)]
  5522 | D:4      | Succumbed to a worker ant's poison

Skill      XL: |  1  2  3  4  5 |
---------------+----------------+-----
Dodging        | 3 4 |  4.8
Transmutations | 3 4 |  4.9
Unarmed Combat | 4 5 |  5.9
Fighting       | 2 |  2.5
Spellcasting   | |  2.0
Invocations    | |  0.1

Action                   |  1- 3 |  4- 6 || total
-------------------------+-------+-------++-------
Melee: Unarmed           |   178 |   227 ||   405
       Headbutt          |    12 |    26 ||    38
       Punch             |     2 |     5 ||     7
 Cast: Beastly Appendage |    24 |    22 ||    46
Invok: Stomp             |       |     3 ||     3
       Line Pass         |       |     1 ||     1
  Use: Potion            |       |     7 ||     7
 Stab: Sleeping          |     3 |       ||     3
  Eat: Chunk             |     4 |     4 ||     8
       Ration            |       |     2 ||     2
Armor: Robe              |    29 |    17 ||    46
Dodge: Dodged            |   110 |   144 ||   254
Block: Other             |       |    10 ||    10
